 Dungeon Crawl Stone Soup version 0.17-a0-1636-g3119f2b (webtiles) character file.

574 Crabhammer the Slasher (level 7, 0/66 HPs)
             Began as a Deep Dwarf Warper on Aug 6, 2015.
             Killed from afar by an orc wizard (4 damage)
             ... with a magic dart
             ... on level 4 of the Dungeon.
             The game lasted 00:21:31 (2540 turns).

Crabhammer the Slasher (Deep Dwarf Warper)          Turns: 2540, Time: 00:21:32

Health: 0/66       AC:  5    Str: 17    XL:     7   Next: 12%
Magic:  10/10      EV:  7    Int: 15    God:
Gold:   140        SH:  0    Dex: 12    Spells: 3 memorised, 5 levels left

rFire  . . .     SeeInvis .     a - +0 long sword
rCold  . . .     Clarity  .     b - +1 leather armour
rNeg   . . .     SustAt   .     (no shield)
rPois  .         Gourm    .     (no helmet)
rElec  .         Spirit   .     (no cloak)
rCorr  .         Warding  .     (no gloves)
rMut   .         Stasis   .     i - +0 pair of boots
MR     +....                    (no amulet)
Stlth  +.........               (no ring)
                                r - ring of flight

@: non-regenerating, somewhat resistant to hostile enchantments, very unstealthy
A: damage resistance, recharge devices, claws 1, breathe flames 1, sense
surroundings 1, slow healing 3, strong 1
a: Device Recharging, Breathe Fire, Evoke Flight


You were on level 4 of the Dungeon.
You were very hungry.

You visited 1 branch of the dungeon, and saw 4 of its levels.

You collected 140 gold pieces.

Inventory:

Hand weapons
 a - a +0 long sword (weapon)
 l - a +1 falchion
Missiles
 e - 4 tomahawks of dispersal
 m - 5 javelins (quivered)
Armour
 b - a +1 leather armour (worn)
 i - a +0 pair of boots (worn)
Jewellery
 r - a ring of flight (left claw)
Magical devices
 f - a wand of heal wounds (6)
Scrolls
 d - 4 scrolls of blinking
 h - a scroll of teleportation
 k - a scroll of fear
 n - 3 scrolls of enchant armour
 v - 2 scrolls of identify
Potions
 o - a potion of resistance
 t - a potion of brilliance
Books
 c - a book of Spatial Translocations

   Spells                             Type                      Level
   a - Apportation                    Translocation                1
   b - Blink                          Translocation                2
   c - Shroud of Golubria             Charms/Translocation         2
   d - Portal Projectile              Translocation                3
   e - Teleport Other                 Translocation                3
   f - Passage of Golubria            Translocation                4
 j - a book of Enchantments

   Spells                             Type                      Level
   a - Cause Fear                     Hexes                        4
   b - Silence                        Hexes/Air                    5
   c - Deflect Missiles               Charms/Air                   6
   d - Haste                          Charms                       6
   e - Discord                        Hexes                        8
Comestibles
 g - 3 bread rations
 p - a chunk of flesh
 q - a meat ration


   Skills:
 * Level 4.4 Fighting
 * Level 5.2 Long Blades
 - Level 0.8 Throwing
 - Level 1.1 Armour
 - Level 2.1 Dodging
 + Level 2.2 Spellcasting
 + Level 4.4 Translocations
 * Level 1.8 Evocations


You had 5 spell levels left.
You knew the following spells:

 Your Spells              Type           Power        Failure   Level  Hunger
a - Apportation           Tloc           ###.......   4%          1    #......
b - Blink                 Tloc           N/A          8%          2    ###....
c - Shroud of Golubria    Chrm/Tloc      #.........   17%         2    ###....


Dungeon Overview and Level Annotations

Branches:
Dungeon (4/15)
 Temple: D:4-7

Altars:
Dithmenos
Elyvilon
Gozag
Okawaru
Trog
Xom


Innate Abilities, Weirdness & Mutations

You are resistant to damage.
You can recharge devices by infusing magical energy.
You passively map a small area around you.
You do not heal naturally.
You have sharp fingernails.
You can breathe flames.
Your muscles are strong. (Str +2)


Message History

The orc wizard casts a spell at you. The magic dart hits you!
* * * LOW HITPOINT WARNING * * *
The orc wizard gestures at you while chanting.
The magic dart hits you!
* * * LOW HITPOINT WARNING * * *
There is an escape hatch in the floor here.
You are feeling very hungry.
The orc wizard gestures wildly while chanting.
The orc wizard blinks!
There is an open door here.
The orc wizard looks braver for a moment.
Which direction?
You close the door.
Something unseen opens the door.
Some of the chunks of flesh in your inventory have rotted away.
There is a stone staircase leading up here.
The orc wizard gestures at you while chanting.
The magic dart hits you!
You die...

** * , ###..###.#<....# ###
**## #8...# #)###...# ..#*,
.. , ###..###......## #.# .#
**#.........).###
#.##..##########...........#
*
o..........................+
, #o#
..#####.#.............# *
#.#* .## #.#.#...........# *
#o#* ..# ##'#.#@.....(....#
#o## #.# #....#...........#
* #..# #.#
#....'...........# ,
##(#.##.###...##o..........#
#o#......'....'...........#
,
#o#####.##....#.......)...#
*
#{#...#..#....#...........#
*
#.#.#.##.#....#############
#o#.#.##[.....# * *


You could see an orc wizard.

Vanquished Creatures
  An ogre (D:4)
  2 eyes of draining (D:3)
  A phantom (D:4)
  The ghost of frankwang the Magician, an average DsWn (D:4)
  Ijyb (D:2)
  Terence (D:2)
  2 adders
  3 gnolls (D:2)
  The ghost of frankwang the Bolt Thrower, a weakling DsWn (D:3)
  An orc (D:3)
  7 bats
  5 giant cockroaches
  8 goblins
  4 hobgoblins
  9 kobolds
  A ball python (D:4)
  3 giant geckos
  2 giant newts
  6 rats
59 creatures vanquished.

Notes
Turn   | Place    | Note
--------------------------------------------------------------
     0 | D:1      | Crabhammer the Deep Dwarf Warper began the quest for the Orb.
     0 | D:1      | Reached XP level 1. HP: 19/19 MP: 3/3
   119 | D:1      | Reached XP level 2. HP: 24/26 MP: 4/4
   574 | D:2      | Reached XP level 3. HP: 19/33 MP: 5/5
   616 | D:2      | Learned a level 2 spell: Blink
   619 | D:2      | Learned a level 2 spell: Shroud of Golubria
   803 | D:2      | Noticed Ijyb
   830 | D:2      | Killed Ijyb
   830 | D:2      | Reached XP level 4. HP: 33/40 MP: 7/7
   930 | D:2      | Found an iron altar of Okawaru.
   985 | D:2      | Noticed Terence
   997 | D:2      | Killed Terence
   997 | D:2      | Reached skill level 4 in Translocations
  1158 | D:3      | Noticed frankwang's ghost (weakling DsWn)
  1181 | D:3      | Noticed an eye of draining
  1182 | D:3      | Found a bloodstained altar of Trog.
  1183 | D:3      | Noticed an eye of draining
  1232 | D:3      | Killed frankwang's ghost
  1309 | D:3      | Killed an eye of draining
  1309 | D:3      | Reached XP level 5. HP: 18/49 MP: 0/8
  1320 | D:3      | Killed an eye of draining
  1320 | D:3      | Reached XP level 6. HP: 20/57 MP: 0/9
  1728 | D:3      | Found an opulent altar of Gozag.
  2234 | D:4      | Reached skill level 5 in Long Blades
  2234 | D:4      | Reached skill level 1 in Evocations
  2272 | D:4      | Found a shimmering altar of Xom.
  2272 | D:4      | Found a white marble altar of Elyvilon.
  2273 | D:4      | Found a shadowy altar of Dithmenos.
  2354 | D:4      | Noticed frankwang's ghost (average DsWn)
  2372 | D:4      | Killed frankwang's ghost
  2372 | D:4      | Reached XP level 7. HP: 39/66 MP: 10/10
  2457 | D:3      | Gained mutation: You have sharp fingernails. [potion of mutation]
  2457 | D:3      | Gained mutation: Your muscles are strong. (Str +2) [potion of mutation]
  2457 | D:3      | Gained mutation: You can breathe flames. [potion of mutation]
  2540 | D:4      | Killed from afar by an orc wizard

Vault maps used:
D:1:      eino_arrival_water_star
D:2:      overflow_temple_1_default, uniq_terence, uniq_iyjb
D:3:      lemuel_round_altar, trog_eyes_of_draining
D:4:      nicolae_overflow_quartered_altars, first_bread

Action                   |  1- 3 |  4- 6 |  7- 9 || total
-------------------------+-------+-------+-------++-------
Melee: Falchion          |   104 |    95 |       ||   199
       Long sword        |       |    58 |    15 ||    73
Throw: Javelin           |    14 |    32 |     4 ||    50
       Tomahawk          |       |     1 |       ||     1
 Abil: Breathe Fire      |       |       |     1 ||     1
Evoke: Wand              |       |     2 |     1 ||     3
  Use: Potion            |     4 |     4 |     2 ||    10
       Scroll            |     4 |     6 |       ||    10
  Eat: Chunk             |       |     5 |       ||     5
